 Dungeon Crawl Stone Soup version 0.31.0-1-g2c135a008e (webtiles) character file.

Game seed: 7151112343687431797

60 qw the Shooter (level 4, -2/35 HPs)
             Began as a Djinni Hunter on Jan 24, 2024.
             Slain by a scorpion (7 damage)
             ... on level 3 of the Dungeon.
             The game lasted 00:00:06 (1504 turns).

qw the Shooter (Djinni Hunter)                      Turns: 1504, Time: 00:00:06

Health: -2/35      AC:  4    Str: 10    XL:     4   Next: 24%
Gold:   44         EV: 12    Int: 11    God:
                   SH:  0    Dex: 18

rFire   + + .        a - +1 shortbow
rCold   . . .        (shield currently unavailable)
rNeg    . . .        c - +0 leather armour
rPois   inf          (no helmet)
rElec   .            (no cloak)
rCorr   .            e - +0 pair of gloves
SInv    .            (boots unavailable)
Will    .....        (no amulet)
Stlth   ++           f - ring of protection from cold
HPRegen 0.25/turn    (no ring)
MPRegen 0.00/turn

%: infuse magic (-3 HP)
@: about to teleport, flying
A: sickness immunity, fire resistance 2, cold vulnerability 1, float, innate
caster, HP casting, extra vitality 1
a: no special abilities


You were on level 3 of the Dungeon.
You visited 1 branch of the dungeon, and saw 3 of its levels.

You collected 80 gold pieces.
You spent 36 gold pieces at shops.


Innate Abilities, Weirdness & Mutations

You are immune to sickness and miasma.
You are immune to poison.
Your flesh is very heat resistant. (rF++)
You are vulnerable to cold. (rC-)
You float through the air rather than walking.
You learn spells naturally, not from books.
Your magical power is your life essence.
You have superior vitality. (+4 MHP)


   Skills:
 - Level 3.0 Fighting
 - Level 4.0 Ranged Weapons
 + Level 2.5 Dodging
 - Level 0.7 Stealth


You knew the following spells:

 Your Spells              Type           Power      Damage    Failure   Level
a - Shock                 Conj/Air       0%         1d3       43%         1
Your spell library was empty.

Inventory:

Hand Weapons
 a - a +1 shortbow (weapon)
Armour
 c - a +0 leather armour (worn)
 e - a +0 pair of gloves (worn)
Jewellery
 f - a ring of protection from cold (left hand)
Scrolls
 b - a scroll of silence {unknown}
 d - 2 scrolls of teleportation
 g - a scroll of identify
Potions
 h - a potion of might

Dungeon Overview and Level Annotations

Branches:
Dungeon (3/15)

Altars:

Shops:
D:1 [   D:2 !?


Message History

You see here a ribbon worm corpse.
b - a scroll labelled PEFAESTR IGEFOA
Found 7 stones.
You now have 44 gold pieces (gained 2).
A scorpion comes into view.
Found an ancient bone altar of Kikubaaqudgha.
You shoot an arrow.
The arrow hits the scorpion but does no damage.
You shoot an arrow. The arrow hits the scorpion.
The scorpion is lightly wounded.
The scorpion stings you.
You shoot an arrow. The arrow hits the scorpion.
The scorpion is moderately wounded.
The scorpion stings you. x2
You shoot an arrow. The arrow barely misses the scorpion.
The scorpion stings you but does no damage.
You shoot an arrow.
The arrow hits the scorpion but does no damage.
The scorpion is moderately wounded.
The scorpion stings you.
You shoot an arrow. The arrow hits the scorpion.
The scorpion is heavily wounded.
The scorpion stings you. x2
You shoot an arrow. The arrow barely misses the scorpion.
The scorpion stings you.
You shoot an arrow. The arrow closely misses the scorpion.
The scorpion stings you. x2
You shoot an arrow. The arrow hits the scorpion.
The scorpion is heavily wounded.
You hear the slow rusting of a very distant drain.
The scorpion stings you but does no damage.
You shoot an arrow.
The arrow hits the scorpion but does no damage.
The scorpion is heavily wounded.
The scorpion stings you. x2
1504 ||| READING 3 scrolls of teleportation.
As you read the scroll of teleportation, it crumbles to dust.
You feel strangely unstable. The scorpion stings you!
You die...

.#.#..#.# .#.#
.......#.##P.P.
#.#.#..#.P...#
.........P..#
...........
..###.#.....# #
......#.PPP##
_.#
#.......#....#
#.#.#.@s.....#
#.#.#......#.#
#.#.##P....#
#.#.#####.PP..
#.#.# #.#.#.
#.#.# #.# #
#.#.#####.# # #
#.........#.#.#
#.#.#####.#...#


You could see a scorpion.

Vanquished Creatures
  4 dart slugs
  2 ribbon worms
  6 bats
  3 endoplasms (D:2)
  5 goblins
  2 hobgoblins
  5 jackals
  3 quokkas (D:2)
  2 ball pythons
  5 frilled lizards (D:1)
  A kobold (D:1)
  5 rats
43 creatures vanquished.

Notes
Turn   | Place    | Note
-------+----------+-------------------------------------------
     0 | D:1      | qw the Djinni Hunter began the quest for the Orb.
     0 | D:1      | Reached XP level 1. HP: 18/18 MP: 0/0
     0 | D:1      | 0 ||| qw: Version: 0.3-a-136-gdd3b4e8
     0 | D:1      | 0 ||| qw: Game counter: 1298
     0 | D:1      | 0 ||| qw: Melee chars always use a shield: true
     0 | D:1      | 0 ||| qw: God list: Okawaru
     0 | D:1      | 0 ||| qw: Allow faded altars: false
     0 | D:1      | 0 ||| qw: Do Orc after clearing Dungeon:15 true
     0 | D:1      | 0 ||| qw: Do second Lair branch before Depths: true
     0 | D:1      | 0 ||| qw: Lair rune preference: random
     0 | D:1      | 0 ||| qw: Goals: Normal
     0 | D:1      | 0 ||| PLANNING D:1-11
    85 | D:1      | Reached XP level 2. HP: 23/23 MP: 0/0
   291 | D:1      | Found Vischoch's Antique Armour Shop.
   295 | D:1      | 295 ||| SHOPLISTING ring mail (88 gold, have 16).
   295 | D:1      | 295 ||| SHOPLISTING shiny ring mail (154 gold, have 16).
   423 | D:1      | Reached XP level 3. HP: 28/28 MP: 0/0
   423 | D:1      | Learned a level 1 spell: Shock
   438 | D:1      | Reached skill level 4 in Ranged Weapons
   595 | D:1      | 595 ||| UPGRADING to +0 pair of gloves.
   600 | D:1      | 600 ||| UPGRADING to ring of protection from cold.
   601 | D:1      | 601 ||| READING 4 scrolls labelled XIXOOR CION.
   601 | D:1      | 601 ||| IDENTIFYING coppery potion
   602 | D:1      | 602 ||| READING 3 scrolls of identify.
   602 | D:1      | 602 ||| IDENTIFYING murky puce potion
   603 | D:1      | 603 ||| READING 2 scrolls of identify.
   603 | D:1      | 603 ||| IDENTIFYING silvery potion
   604 | D:1      | 604 ||| READING scroll of identify.
   604 | D:1      | 604 ||| IDENTIFYING scroll labelled WUT KIUNWOFFETSE
   605 | D:1      | 605 ||| READING scroll of enchant weapon.
   605 | D:1      | 605 ||| ENCHANTING +0 shortbow.
   606 | D:1      | 606 ||| DROPPING scroll of butterflies.
   607 | D:1      | 607 ||| DROPPING potion of brilliance.
   608 | D:1      | 608 ||| DROPPING potion of magic.
   609 | D:1      | 609 ||| DROPPING potion of berserk rage.
   815 | D:2      | 815 ||| DROPPING +0 sling of freezing.
   860 | D:2      | Found Cucutonu's Magic Scroll Emporium.
   865 | D:2      | 865 ||| BUYING scroll of teleportation (36 gold).
   865 | D:2      | Bought a scroll of teleportation for 36 gold pieces
   950 | D:2      | Found Vueblon's Distillery.
   960 | D:2      | 960 ||| SHOPLISTING 2 potions of curing (60 gold, have 10).
   960 | D:2      | 960 ||| SHOPLISTING potion of curing (30 gold, have 10).
   960 | D:2      | 960 ||| SHOPLISTING potion of enlightenment (50 gold, have
                  | 10).
   960 | D:2      | 960 ||| SHOPLISTING potion of haste (100 gold, have 10).
   960 | D:2      | 960 ||| SHOPLISTING potion of mutation (80 gold, have 10).
   988 | D:2      | Reached XP level 4. HP: 34/34 MP: 0/0
  1124 | D:2      | Reached skill level 3 in Fighting
  1338 | D:2      | 1338 ||| READING 4 scrolls of identify.
  1338 | D:2      | 1338 ||| IDENTIFYING fizzy golden potion
  1339 | D:2      | 1339 ||| READING 3 scrolls of identify.
  1339 | D:2      | 1339 ||| IDENTIFYING amethyst potion
  1340 | D:2      | 1340 ||| READING 2 scrolls of identify.
  1340 | D:2      | 1340 ||| IDENTIFYING lumpy puce potion
  1341 | D:2      | 1341 ||| DROPPING potion of attraction.
  1342 | D:2      | 1342 ||| DROPPING potion of ambrosia.
  1357 | D:3      | 1357 ||| PLANNING SEWER
  1493 | D:3      | Noticed a scorpion
  1503 | D:3      | HP: 6/35 [scorpion (4)]
  1504 | D:3      | 1504 ||| READING 3 scrolls of teleportation.
  1504 | D:3      | Slain by a scorpion

Levels and vault maps discovered:
D:1:      lemuel_arrival_hallway, layout_basic, serial_shops, shop,
          minmay_misc_feat_more_columns
D:2:      layout_basic, serial_shops, nicolae_shop_peninsula, shop,
          kennysheep_boxes
D:3:      layout_basic, dreamdust_divine_triumvirate, kiku_gazebo_garden_becter,
          portal_sewer_entry_c

Skill      XL: |  1  2  3  4 |
---------------+-------------+-----
Ranged Weapons | 4 |  4.0
Fighting       | 3 |  3.0
Dodging        | |  2.5
Stealth        | |  0.7

Action                     |  1- 3 |  4- 6 || total
---------------------------+-------+-------++-------
   Fire: Shortbow          |    89 |    34 ||   123
    Use: Scroll            |     5 |     4 ||     9
 Armour: Leather armour    |    17 |    22 ||    39
  Dodge: Dodged            |    15 |     2 ||    17

Table legend:
 A = Non-vault XP
 B = Vault XP
 C = Vault XP percentage of total XP
 D = Non-vault monster count
 E = Vault monster count
 F = Vault count percentage of total count
                 A         B        C        D         E       F
            +---------+---------+-------+---------+---------+-------
      Total |      86 |       0 |   0.0 |      43 |       0 |   0.0
            +---------+---------+-------+---------+---------+-------
        D:1 |      41 |       0 |   0.0 |      23 |       0 |   0.0
        D:2 |      40 |       0 |   0.0 |      19 |       0 |   0.0
        D:3 |       5 |       0 |   0.0 |       1 |       0 |   0.0
            +---------+---------+-------+---------+---------+-------
